 Dungeon Crawl Stone Soup version 0.28.0-49-g6dfe1f597d (webtiles) character file.

Game seed: 4980603001130764102

9 nickcage the Skirmisher (level 2, -9/24 HPs)
             Began as a Demonspawn Abyssal Knight on May 11, 2022.
             Was an Initiate of Lugonu.
             Mangled by a kobold
             ... wielding a +2 dagger of electrocution
              (13 damage)
             ... on level 1 of the Dungeon.
             The game lasted 00:00:38 (255 turns).

nickcage the Skirmisher (Demonspawn Abyssal Knight)  Turns: 255, Time: 00:00:40

Health: -9/24      AC:  3    Str: 13    XL:     2   Next: 6%
Magic:  3/3        EV: 11    Int: 11    God:    Lugonu [......]
Gold:   20         SH:  0    Dex: 13    Spells: 1/1 levels left

rFire   . . .      SeeInvis .   a - +1 mace
rCold   . . .      Faith    .   (no shield)
rNeg    . . .      Spirit   .   b - +0 leather armour
rPois   .          Reflect  .   (no helmet)
rElec   .          Harm     .   (no cloak)
rCorr   .          Rampage  .   (no gloves)
Will    .....                   (no boots)
Stlth   +.........              (no amulet)
HPRegen 0.08/turn               (no ring)
MPRegen 0.08/turn               (no ring)

@: no status effects
A: hooves 1
a: Renounce Religion


You were on level 1 of the Dungeon.
You worshipped Lugonu.
Lugonu was noncommittal.
You visited 1 branch of the dungeon, and saw 1 of its levels.
You visited the Abyss 1 time.

You collected 20 gold pieces.

Inventory:

Hand Weapons
 a - a +1 mace (weapon)
Armour
 b - a +0 leather armour (worn)
Potions
 c - a potion of degeneration {unknown}
 d - a potion of berserk rage {unknown}


   Skills:
 - Level 3.0 Fighting
 + Level 2.5 Maces & Flails
 - Level 1.7 Armour
 - Level 0.8 Dodging
 - Level 2.4 Invocations


You had one spell level left.
You didn't know any spells.
Your spell library contained the following spells:

 Spells                   Type           Power      Damage    Failure   Level
 Corpse Rot               Necr/Air       0%         N/A       56%         2
 Poisonous Vapours        Pois/Air       0%         N/A       56%         2


Dungeon Overview and Level Annotations

Branches:
Dungeon (1/15)

Altars:


Innate Abilities, Weirdness & Mutations

You have large cloven feet.


Message History

Your demonic ancestry asserts itself...
Your feet thicken and deform.
You sock the bat!
You kill the bat!
Lugonu accepts your kill.
The kobold hits you with a +0 short sword.
You hit the kobold.
You kill the kobold!
Lugonu accepts your kill.
No target in view!
Things that are here:
a +0 short sword; a +0 dagger; a kobold corpse
Found a faded altar of an unknown god.
You enter the shallow water.
Moving in this stuff is going to be slow.
You now have 20 gold pieces (gained 1).
There is a faded altar of an unknown god here.
You enter the shallow water.
Moving in this stuff is going to be slow.
d - a green potion A kobold comes into view.
It is wielding a +2 dagger of electrocution.
The kobold shouts!
You hear a shout!
You hit the kobold but do no damage. Your kick misses the kobold.
The kobold hits you with a +2 dagger of electrocution.
You are electrocuted!
Ouch! That really hurt!
You are too injured to fight recklessly!
You are too injured to fight recklessly!
You are too injured to fight recklessly!
You barely miss the kobold. Your kick misses the kobold.
The kobold closely misses you.
The kobold hits you with a +2 dagger of electrocution.
* * * LOW HITPOINT WARNING * * *
You hit the kobold. You kick the kobold, but do no damage.
The kobold is severely wounded.
The kobold hits you with a +2 dagger of electrocution.
* * * LOW HITPOINT WARNING * * *
You are electrocuted!
Ouch! That really hurt!
You die...

.# .. # #.##### .#.#
#......###########....#
##..##..........@K.#
.#..###..##..#######
.#......####...###
.#...............###
##..#######.≈≈≈....#
#...#######.≈_≈..###
..[.......#.≈≈≈..#
#####...###......#
######### #####.###
###....# #.......#


You could see a kobold.

Vanquished Creatures
  A ball python (D:1)
  2 endoplasms (D:1)
  2 hobgoblins (D:1)
  2 bats (D:1)
  2 kobolds (D:1)
9 creatures vanquished.

Notes
Turn   | Place    | Note
-------+----------+-------------------------------------------
     0 | Abyss:1  | nickcage the Demonspawn Abyssal Knight began the quest for
                  | the Orb.
     0 | Abyss:1  | Reached XP level 1. HP: 18/18 MP: 2/2
     0 | D:1      | Escaped the Abyss
   155 | D:1      | Gained mutation: You have large cloven feet. [demonic
                  | ancestry]
   155 | D:1      | Reached XP level 2. HP: 22/24 MP: 3/3
   228 | D:1      | Found a faded altar of an unknown god.
   255 | D:1      | Mangled by a kobold

Illustrated notes

Levels and vault maps discovered:
D:1:      dpeg_arrival_leaves_temple_mockup, layout_rooms,
          hellmonk_ecumenical_altar_pennies_from_heaven

Skill      XL: |  1 |
---------------+----+-----
Maces & Flails | 2 |  2.5
Fighting       | |  3.0
Armour         | |  1.7
Dodging        | |  0.8
Invocations    | |  2.4

Action                   || total
-------------------------++-------
Melee: Mace              ||    18
       Kick              ||     1
Invok: Depart the Abyss  ||     1
Armor: Leather armour    ||     6
Dodge: Dodged            ||     9
